[Event "Early-Titled-Tuesday-Blitz-May-28-2024"]
[Site "Chess.com"]
[Date "2024.05.28"]
[Round "9"]
[White "Alphafischer2019"]
[Black "LLariMarc"]
[Result "1/2-1/2"]
[WhiteElo "2665"]
[BlackElo "2510"]
[TimeControl "180+1"]
[EndTime "9:48:23 PDT"]
[Termination "Game drawn by repetition"]

1. Nf3 d5 2. g3 Nf6 3. Bg2 e6 4.
c4 Be7 5. O-O O-O 6. cxd5 exd5 7. d3 c5 8. Nc3 Nc6 9. Bf4 h6 10. Rc1 Be6 11. Ne5 Nxe5 12. Bxe5 Rc8 13. d4 c4 14. Qa4 a6 15. Rfd1 Ng4 16. Bf4 g5 17.
Bd2 Qd6 18. Be1 b5 19. Qc2 f5 20. a3 Kg7 21. Na2 Qc7 22. Bb4 a5 23. Bxe7 Qxe7 24.
Nc3 Qd7 25. e3 b4 26. axb4 axb4 27. Nb1 Ra8 28. Qd2 Qa4 29. Re1 Nf6 30. Qe2 Qb3 31. h4 Ra2 32. hxg5 hxg5 33. Rc2 c3 34. Rec1 Rxb2 35.
Rxb2 Qxb2 36. Qxb2 cxb2 37. Rc2 Rc8 38. Rxb2 Rc1+ 39.
Bf1 f4 40. Rxb4 Bh3 41. Nd2 Ne4 42. Rb1 Rxb1 43. Nxb1 Bxf1 44. Kxf1 fxe3 45. fxe3 Nxg3+ 46. Kg2 Ne4 47. Na3 Kf6 48. Nb5 g4 49. Nc7 Nc3 50. Kg3 Kf5 51. Ne8 Ne4+ 52. Kh4 g3 53. Ng7+ Kg6 54.
Nh5 Kf5 55. Nxg3+ Nxg3 56. Kxg3 Kg5 57. Kf3 Kf5 58. Ke2 Ke6 59. Kd2 Kd7 60. Kc3 Kc7 61.
Kd3 Kd7 62. Kd2 Kd6 63. Kc3 Kc7 64. Kc2 Kc6 65. Kd2 Kd6 66. Ke2 Ke6 67. Kf2 Kf6 68. Kg2 Kg6 69. Kh3 Kh5 70. Kg3 Kg5 71. Kf2 Kf6 72. Ke2 Ke6 1/2-1/2

[Event "Early-Titled-Tuesday-Blitz-May-28-2024"]
[Site "Chess.com"]
[Date "2024.05.28"]
[Round "9"]
[White "Glidzhian_Gor"]
[Black "BashiqChess"]
[Result "0-1"]
[WhiteElo "2543"]
[BlackElo "2445"]
[TimeControl "180+1"]
[EndTime "9:48:24 PDT"]
[Termination "BashiqChess won by checkmate"]

1. e4 c6 2. d4 d5 3. Nc3 dxe4 4.
Nxe4 Nf6 5. Ng5 h6 6. Nxf7 Kxf7 7. Nf3 e6 8. Ne5+ Kg8 9. Bd3 Bd7 10. O-O Be8 11. Re1 Nbd7 12. Bf4 Nxe5 13. Bxe5 Bf7 14. Qf3 Bd6 15. Rad1 Qe7 16. c4 Rf8 17. Qg3 Bxe5 18. dxe5 Nh5 19. Qe3 Be8 20. g3 Qg5 21. Qxa7 Nf4 22.
Bf1 Bh5 23. Rd7 Kh7 24. Qe3 Qg4 25. Rd4 Nh3+ 26. Bxh3 Qxh3 27. f4 Bg6 28. Red1 Ra8 29. a3 Bh5 30. R1d2 Rhf8 31. Rd7 Rg8 32. Qe4+ Bg6 33. Qg2 Qxg2+ 34. Kxg2 b5 35. c5 Be4+ 36. Kf2 Bd5 37. Ke3 Rgd8 38. Rd6 Rf8 39. h3 Ra4 40. Rd4 Rc4 41. Rxc4 bxc4 42. Kd2 Rb8 43. Kc2 Rb3 44. f5 exf5 45. a4 Rxg3 46. a5 Rg2+ 47. Kc3 Rg1 48. Rxd5 cxd5 49. c6 Rg6 50. Kd4 Rxc6 51. Kxd5 Rc8 52.
e6 f4 53. Kd6 f3 54. Kd7 Ra8 55. e7 f2 56. e8=Q Rxe8 57. Kxe8 f1=Q 58. Kd7 Qd3+ 59.
Kc6 Qb3 60. Kc5 Qxb2 61. Kxc4 Qh2 62. Kb5 Qxh3 63. a6 Qa3 64. Kb6 h5 65. a7 h4 66.
a8=Q Qxa8 67. Kc5 Qf3 68. Kd4 g5 69. Kc4 g4 70. Kd4 Kg6 71. Kc4 Kf5 72. Kb4 Qe4+ 73.
Kc3 Ke5 74. Kb3 Kd5 75. Kc3 Qc4+ 76. Kd2 Kd4 77. Ke1 Qa2 78. Kf1 Ke3 79. Kg1 Qe2 80. Kh1 Kf3 81. Kg1 Kg3 82. Kh1 Qd1# 0-1

[Event "Early-Titled-Tuesday-Blitz-May-28-2024"]
[Site "Chess.com"]
[Date "2024.05.28"]
[Round "9"]
[White "IMRosen"]
[Black "ccccvhhhj"]
[Result "1-0"]
[WhiteElo "2721"]
[BlackElo "2464"]
[TimeControl "180+1"]
[EndTime "9:48:27 PDT"]
[Termination "IMRosen won on time"]

1. e4 e6 2. c4 d5 3. cxd5 exd5 4. Qb3 Nf6 5. e5 Ne4 6. Nc3 Nxc3 7. dxc3 Be7 8. Bd3 c5 9. Qd1 Nc6 10. Bf4 Bg5 11. Bg3 O-O 12. Nf3 Be7 13. h3 f6 14. O-O fxe5 15. Nxe5 Nxe5 16. Bxe5 Bf6 17. Qh5 g6 18. Bxf6 Rxf6 19. Qe5 Qd6 20. Qxd6 Rxd6 21.
Rad1 Be6 22. Rfe1 Kf7 23. Re3 Rad8 24. Rf3+ Kg7 25. Bc2 d4 26. cxd4 cxd4 27. Bb3 Bxb3 28. Rxb3 b6 29. Kf1 Kf6 30. Ke2 Ke5 31. Kd3 Kd5 32.
Rb5+ Kc6 33. Rg5 Rf6 34. Rd2 Rdf8 35. f3 Rd8 36. Rc2+ Kb7 37. Re5 Rf7 38. Rc4 Rfd7 39.
Re4 Rf8 40. Rcxd4 Rxd4+ 41. Rxd4 Kc6 42. f4 Re8 43. Re4 Rd8+ 44. Ke2 Rd7 45. g4 Kd5 46.
Re8 Kd4 47. Re3 Rc7 48. f5 gxf5 49. gxf5 Rf7 50. Ra3 a5 51. Rb3 Kc5 52. Rf3 Kd4 53. h4 Ke4 54. Rb3 Rf6 55. Rb5 Kf4 56. a3 Kg4 57. Ke3 Kxh4 58. Kf4 Rf8 59. Rb3 h5 60. Rf3 Rc8 61. f6 Rc4+ 62. Kf5 Rc5+ 63.
Kg6 Kg4 64. Rf1 Rc8 65. f7 h4 66. f8=Q Rxf8 67. Rxf8 h3 68. Rh8 Kg3 69. Kf6 h2 70. Ke5 Kg2 71. Kd5 1-0

[Event "Early-Titled-Tuesday-Blitz-May-28-2024"]
[Site "Chess.com"]
[Date "2024.05.28"]
[Round "9"]
[White "1stSecond"]
[Black "Polish_fighter3000"]
[Result "0-1"]
[WhiteElo "2923"]
[BlackElo "3109"]
[TimeControl "180+1"]
[EndTime "9:48:31 PDT"]
[Termination "Polish_fighter3000 won by resignation"]

1. d4 Nf6 2. Bg5 h6 3. Bxf6 exf6 4. e3 f5 5. c4 Bb4+ 6. Nc3 Bxc3+ 7. bxc3 d6 8. g3 Nd7 9. Bg2 Nf6 10. Ne2 O-O 11.
Nf4 Rb8 12. Qa4 a6 13. Rb1 b6 14. O-O a5 15. c5 dxc5 16. dxc5 Bd7 17. Qd4 b5 18. c6 Be6 19. Nxe6 fxe6 20. Qe5 Qd6 21.
Rxb5 Qxe5 22. Rxe5 Kf7 23. a4 Rfd8 24. Rxa5 Ra8 25.
Rxa8 Rxa8 26. Ra1 Ra5 27. Kf1 Ke7 28. Ke2 Kd6 29. Kd3 Ng4 30. Kc4 Nxf2 31. Kb4 Ra8 32.
a5 Nd3+ 33. Kc4 Ne5+ 34. Kd4 Ra6 35. c4 Nxc6+ 36. Bxc6 e5+ 37. Kc3 Kxc6 38. Kb4 Ra8 39. a6 g5 40. c5 f4 41. exf4 gxf4 42. gxf4 exf4 43. Kc4 f3 44. h4 Rf8 45. a7 Kb7 46. h5 f2 47. Rf1 Kxa7 48. Kd5 Kb7 49. Rb1+ Kc8 50. Rf1 Kd7 51. c6+ Ke7 52. Ke5 Rf6 53. Kd5 Rf5+ 54. Ke4 Ke6 55. Ke3 Kd6 56. Ke4 Rf8 57. Ke3 Kxc6 58. Ke2 Rf5 59. Rc1+ Rc5 60. Rh1 Rf5 61. Kf1 Kd5 62. Rh3 c5 63. Rg3 c4 64.
Rg6 c3 65. Rg8 Kd4 66. Rd8+ Rd5 67. Rc8 Rc5 68. Rd8+ Kc4 69. Rd1 c2 70. Rc1 Kd3 71. Kxf2 Kd2 72. Rh1 c1=Q 73. Kg2 Rg5+ 0-1

[Event "Early-Titled-Tuesday-Blitz-May-28-2024"]
[Site "Chess.com"]
[Date "2024.05.28"]
[Round "9"]
[White "gabduschew"]
[Black "Dexter_Dyke"]
[Result "1/2-1/2"]
[WhiteElo "2317"]
[BlackElo "2444"]
[TimeControl "180+1"]
[EndTime "9:48:36 PDT"]
[Termination "Game drawn - insufficient material"]

1. e4 e6 2. d3 a6 3. Nd2 c5 4.
Ngf3 Nc6 5. g3 Be7 6. Bg2 h5 7. O-O h4 8. c3 hxg3 9. fxg3 Nf6 10. Nc4 d5 11. Nce5 Bd6 12. Nxc6 bxc6 13. e5 Be7 14.
exf6 gxf6 15. d4 c4 16. Bf4 Qb6 17. Rb1 Qa5 18. a3 Bd7 19. Nd2 Rc8 20. Qf3 c5 21.
Be3 cxd4 22. Bxd4 e5 23. Bxe5 fxe5 24. Qxf7+ Kd8 25. Qxd5 Qxd5 26. Bxd5 Bc5+ 27. Kh1 Bh3 28. Rf6 Be7 29. Rf7 Rh6 30. Ne4 Kd7 31. Rd1 Rch8 32.
Bxc4+ Ke8 33. Rf2 Bg4 34. Re1 Bd8 35. Bxa6 Rxa6 36. Nc5 Rah6 37. Rxe5+ Be7 38. Ne4 Kd8 39. Rd2+ Ke8 40. Nd6+ Kf8 41. Rf2+ Rf6 42. Rxf6+ Bxf6 43. Re1 Bh3 44. Ne4 Bd8 45. Kg1 Kg7 46. b4 Bb6+ 47. Nc5 Rc8 48. Re5 Rf8 49. Re1 Bxc5+ 50. bxc5 Rf5 51. c4 Rxc5 52. Rc1 Kf6 53. Kf2 Ke5 54. Ke3 Be6 55. h4 Bxc4 56. a4 Kd5 57. g4 Ra5 58. Kf4 Rxa4 59. Kg5 Bd3 60. Rd1 Ke4 61.
Kh5 Ke3 62. g5 Ke2 63. Rg1 Be4 64. Kh6 Bf3 65. g6 Rxh4+ 66. Kg5 Ra4 67. g7 Bd5 68. Kf6 Bg8 69. Ke7 Ra8 70. Kf6 Kf3 71. Rf1+ Ke4 72. Re1+ Kd5 73. Rd1+ Kc6 74. Rc1+ Kd6 75. Rd1+ Bd5 76.
Kg6 Ke6 77. Kh7 Ke5 78. Rxd5+ Kxd5 79. g8=Q+ Rxg8 80. Kxg8 1/2-1/2

[Event "Early-Titled-Tuesday-Blitz-May-28-2024"]
[Site "Chess.com"]
[Date "2024.05.28"]
[Round "9"]
[White "chess_sharparchitect"]
[Black "ChempionBg"]
[Result "1/2-1/2"]
[WhiteElo "2359"]
[BlackElo "2241"]
[TimeControl "180+1"]
[EndTime "9:48:37 PDT"]
[Termination "Game drawn by repetition"]

1. c4 c5 2. Nc3 Nc6 3. Nf3 Nf6 4. e3 g6 5. d4 cxd4 6. exd4 d5 7. Bg5 dxc4 8. d5 Na5 9. Bxf6 exf6 10. Bxc4 Nxc4 11. Qa4+ Bd7 12. Qxc4 Bg7 13. O-O O-O 14.
h3 f5 15. Rfd1 Re8 16. Qb4 Qb6 17. Qxb6 axb6 18. Rd3 b5 19. Nd4 b4 20. Ncb5 Bxb5 21.
Nxb5 Bxb2 22. Rb1 Rxa2 23. d6 Ra1 24. Rxa1 Bxa1 25. Rb3 Re1+ 26. Kh2 Be5+ 27. g3 Rd1 28. Rxb4 Rd2 29. Kg2 b6 30. Rb3 Bxd6 31. Nxd6 Rxd6 32. Rb5 Kg7 33. Kf3 Kf6 34. h4 Ke6 35. Rb1 Kd7 36. Kg2 Kc7 37. Kh3 Kc6 38. Kg2 b5 39. Kf3 Rd4 40. Ke3 Re4+ 41. Kd3 b4 42. f3 Re6 43. Rxb4 Rd6+ 44. Ke3 Kc5 45. Rb1 Re6+ 46. Kf2 Re7 47. Ra1 Kc6 48. Ra5 Kb6 49. Ra4 Kb5 50. Ra8 Kc4 51. Rh8 h5 52. Rd8 Kc3 53.
Rd6 Kc4 54. Rd8 Kc3 55. Rd1 Kc4 56. Rd2 Kc5 57. Rd8 Kc6 58. Rd3 Rd7 59. Rc3+ Kd6 60.
Rd3+ Ke6 61. Re3+ Kf6 62. Ra3 Rb7 63. Ra6+ Kg7 64. Ra2 Rb3 65. f4 Rc3 66. Ra6 Kf8 67. Rb6 Kg7 68. Ra6 Rd3 69. Rb6 Rc3 70. Ra6 1/2-1/2

[Event "Early-Titled-Tuesday-Blitz-May-28-2024"]
[Site "Chess.com"]
[Date "2024.05.28"]
[Round "9"]
[White "FlemingA"]
[Black "Lion-Al-Messi"]
[Result "1-0"]
[WhiteElo "2477"]
[BlackElo "2611"]
[TimeControl "180+1"]
[EndTime "9:48:44 PDT"]
[Termination "FlemingA won by resignation"]

1. e4 e6 2. Qe2 c5 3. Nf3 Nc6 4. g3 Nf6 5. Bg2 d5 6. d3 Be7 7.
O-O b6 8. Re1 Bb7 9. a4 a5 10.
Nbd2 Qc7 11. c3 h6 12. h4 O-O 13. e5 Nd7 14. Nf1 d4 15. c4 Nb4 16. Bf4 Qc6 17. h5 Rae8 18. N1h2 f5 19. Nh4 Qc8 20. Ng6 Rf7 21. Nf3 Nf8 22. Nxe7+ Rfxe7 23. Nh4 Bxg2 24. Kxg2 Qb7+ 25. Kg1 Rd7 26. b3 Kh7 27. Rac1 Rdd8 28. Ng2 Qf7 29. Bd2 g5 30. hxg6+ Nxg6 31. Nf4 Nxf4 32. Bxf4 Rg8 33. Qf3 Rg4 34. Kg2 Rdg8 35. Rh1 R8g6 36. Kf1 Qd7 37. Ke2 Qc6 38. Qxc6 Nxc6 39.
Rh2 Ne7 40. Rch1 Ng8 41. f3 Rxg3 42. Bxg3 Rxg3 43. Kf2 Rg5 44. Rg2 Kg7 45. f4 Rxg2+ 46. Kxg2 Ne7 47. Kg3 Nc6 48. Kh4 Nb4 49. Rg1+ Kh7 50.
Rg3 Nc2 51. Kh5 Ne3 52. Rg6 Ng4 53. Rxe6 Nf2 54. Rxb6 Nxd3 55. Rxh6+ Kg7 56. Kg5 Nxf4 57. Ra6 Nh3+ 58. Kxf5 d3 59. Ra7+ Kf8 60. Rd7 Nf2 61.
e6 Ke8 62. Rd5 Ke7 63. Ke5 Ng4+ 64. Ke4 Nf2+ 65. Ke3 Ng4+ 66. Kxd3 Kxe6 67. Rxc5 Nf2+ 68. Kc3 Ne4+ 69. Kd4 Nd2 70. Rb5 Kd6 71. Kc3 Ne4+ 72. Kb2 Kc6 73. Rxa5 Nf2 74. Rh5 Ng4 75. Ka3 Ne3 76.
Rh6+ Kb7 77. Rh5 Ng4 78. Rg5 Nf6 79. Rg6 Ne4 80. Rg7+ Kb6 81. Rg6+ Kc5 82. Rh6 Kd4 83. Rh4 Kc3 84. Rxe4 1-0

[Event "Early-Titled-Tuesday-Blitz-May-28-2024"]
[Site "Chess.com"]
[Date "2024.05.28"]
[Round "9"]
[White "AlexandraSamaganova"]
[Black "Slovineanu"]
[Result "0-1"]
[WhiteElo "2392"]
[BlackElo "2534"]
[TimeControl "180+1"]
[EndTime "9:48:47 PDT"]
[Termination "Slovineanu won by checkmate"]

1. c4 e5 2. Nc3 Bb4 3. Qb3 Nc6 4. e3 Nf6 5. Nf3 O-O 6. Be2 e4 7. Nd4 Nxd4 8. exd4 a5 9. O-O Bxc3 10. dxc3 d5 11.
cxd5 Nxd5 12. c4 Nb4 13. d5 Bf5 14. Be3 Qf6 15. Bc5 Rfe8 16. Bxb4 axb4 17. Qxb4 b6 18. a4 e3 19. fxe3 Rxe3 20. Bf3 Rae8 21. c5 Bd3 22. Rf2 bxc5 23. Qd2 Qd4 24. Kh1 c4 25. h3 Rb8 26.
a5 Ree8 27. a6 Qb6 28. d6 cxd6 29. a7 Ra8 30. Bxa8 Rxa8 31. Qf4 f6 32. Qf3 Rxa7 33. Qd5+ Kf8 34. Rxa7 Qxa7 35. Qxd6+ Kf7 36. Qd5+ Kf8 37. Rf4 Qa1+ 38. Kh2 Qxb2 39. Qc5+ Kf7 40. Rd4 Kg6 41. h4 h5 42. Rd8 Qe5+ 43. Qxe5 fxe5 44. Kg3 c3 45.
Rc8 c2 46. Kf2 Kf5 47. Ke3 e4 48. g3 Kg4 49. Kf2 Kf5 50. Rc5+ Ke6 51. Ke3 Kd6 52. Rc8 Kd5 53. Rc7 g6 54. Rc8 Bc4 55. Rd8+ Kc5 56.
Kd2 Bd3 57. Kc1 Kc4 58. Rg8 e3 59. Re8 Kd4 60. Rd8+ Ke4 61. Rf8 e2 62. Kd2 c1=Q+ 63. Kxc1 e1=Q+ 64. Kb2 Qd2+ 65. Kb3 Qc2+ 66. Kb4 Qc4+ 67.
Ka5 Qc5+ 68. Ka4 Qxf8 69. g4 Qf3 70. g5 Qg4 71. Kb4 Qxh4 72. Ka4 Qxg5 73. Ka3 h4 74. Kb4 Qd5 75. Ka3 Qc4 76. Kb2 Qc2+ 77. Ka1 Qc3+ 78. Ka2 Bc4+ 79. Kb1 Qd2 80. Ka1 Qa2# 0-1

[Event "Early-Titled-Tuesday-Blitz-May-28-2024"]
[Site "Chess.com"]
[Date "2024.05.28"]
[Round "9"]
[White "TatjanaVasilevich"]
[Black "Al_Shima"]
[Result "1-0"]
[WhiteElo "2593"]
[BlackElo "2480"]
[TimeControl "180+1"]
[EndTime "9:48:50 PDT"]
[Termination "TatjanaVasilevich won by resignation"]

1. d4 Nf6 2. c4 e6 3. Nc3 Bb4 4. e3 b6 5. Bd3 Bb7 6. f3 O-O 7. Ne2 d5 8. cxd5 exd5 9. a3 Bd6 10. O-O c5 11. Nb5 c4 12. Bc2 a6 13. Nxd6 Qxd6 14. Nc3 Nc6 15. Qe2 b5 16. Rd1 Rad8 17. Qf2 Rfe8 18.
h3 Qc7 19. e4 b4 20. axb4 Nxb4 21. e5 Nxc2 22. Qxc2 Nd7 23. f4 f6 24. Be3 fxe5 25. fxe5 Rf8 26. Rf1 Qb6 27. Qe2 Qe6 28. Qh5 Nb6 29. Ne2 Nc8 30. Nf4 Qf5 31. Qxf5 Rxf5 32.
Ne6 Rxf1+ 33. Rxf1 Re8 34. Nc5 Bc6 35. Nxa6 Ne7 36.
Bg5 Ng6 37. Nc5 h6 38. Bd2 Rb8 39. Bc3 Ne7 40. e6 Be8 41. Ra1 Bg6 42. Ra7 Re8 43. Rc7 Bf5 44. Rd7 Ng6 45. Rxd5 Bxe6 46. Nxe6 Rxe6 47.
Rc5 Nf4 48. Rxc4 Nd3 49. d5 Rd6 50. Rc8+ Kh7 51. Rc7 Kg6 52. Rxg7+ Kf5 53. Rf7+ Ke4 54. Rf6 Rxd5 55. Rxh6 Nf4 56. g3 Ne2+ 57. Kf2 Nxc3 58. bxc3 Rd2+ 59. Ke1 Rd3 60. Ke2 Rxg3 61. Rh4+ Kd5 62.
Kd2 Kc5 63. Kc2 Rg1 64. Rg4 Rh1 65. h4 Rh2+ 66. Kb3 Kb5 67. Rg5+ Kc6 68. h5 Rh4 69. c4 Kb6 70. Kb4 Kc6 71. Rg6+ Kc7 72. h6 Kd7 73.
Kb5 Kc7 74. c5 Kd7 75. Rg7+ Ke6 76. h7 Kf6 77. Ra7 Ke6 78. c6 Rh1 79. Rd7 Rb1+ 80. Ka6 Ra1+ 81. Kb7 Rb1+ 82. Kc8 Ra1 83. Rb7 Rh1 84.
c7 Ke7 85. Kb8 1-0

[Event "Early-Titled-Tuesday-Blitz-May-28-2024"]
[Site "Chess.com"]
[Date "2024.05.28"]
[Round "9"]
[White "Kors67"]
[Black "Tol_Tol"]
[Result "1-0"]
[WhiteElo "2281"]
[BlackElo "2369"]
[TimeControl "180+1"]
[EndTime "9:48:53 PDT"]
[Termination "Kors67 won by checkmate"]

1. e4 c5 2. Nf3 Nc6 3. c3 Nf6 4. e5 Nd5 5. Bc4 Nb6 6. Bb3 g6 7. d4 cxd4 8. cxd4 Bg7 9. Bf4 O-O 10. Nc3 d6 11. exd6 exd6 12. O-O Bg4 13. Be3 d5 14. h3 Be6 15. a3 Na5 16. Ba2 Nac4 17. Qe2 Rc8 18.
Rac1 h6 19. Rfe1 Re8 20. b3 Nxe3 21. fxe3 Qd6 22. Nb5 Qb8 23. a4 a6 24. a5 Nd7 25.
Nc3 Nf6 26. b4 Ne4 27. Nxe4 dxe4 28. Nh2 Bxa2 29. Qxa2 Qd6 30. Rf1 Qe7 31. Rc5 Rcd8 32. Ng4 Rd7 33. Ne5 Bxe5 34. Rxe5 Qd8 35. Rc5 Kg7 36. Qc4 f5 37. Rc1 Qe7 38. Re5 Qf7 39.
Qxf7+ Kxf7 40. Rxe8 Kxe8 41. g3 Rd5 42. Rc5 Rxc5 43.
bxc5 Kd7 44. g4 fxg4 45. hxg4 Kc6 46. Kg2 Kb5 47. Kg3 Kxa5 48. Kf4 h5 49. gxh5 gxh5 50.
Kxe4 Kb5 51. d5 Kxc5 52. Ke5 h4 53. d6 h3 54. d7 h2 55. d8=Q h1=Q 56. Qd6+ Kb5 57.
Qd3+ Kb6 58. Qd4+ Kc6 59. Qc4+ Kb6 60. Qd4+ Kb5 61. Qd3+ Kb4 62. Qd4+ Kb3 63. Qd3+ Kb2 64. Qd2+ Kb1 65. Qd3+ Kc1 66. Qc3+ Kd1 67. Qa1+ Ke2 68. Qxh1 Kxe3 69. Qxb7 Kd3 70. Qb6 Kc3 71. Qxa6 Kb4 72. Kd5 Kc3 73. Qa3+ Kd2 74. Kd4 Ke2 75. Qg3 Kf1 76.
Qh2 Ke1 77. Ke3 Kd1 78. Qd2# 1-0

[Event "Early-Titled-Tuesday-Blitz-May-28-2024"]
[Site "Chess.com"]
[Date "2024.05.28"]
[Round "9"]
[White "GMthekingindian"]
[Black "Engima32"]
[Result "1-0"]
[WhiteElo "2365"]
[BlackElo "2474"]
[TimeControl "180+1"]
[EndTime "9:48:55 PDT"]
[Termination "GMthekingindian won by checkmate"]

1. d4 Nf6 2. Nf3 g6 3. g3 Bg7 4. Bg2 O-O 5. O-O d6 6. b3 Nc6 7.
Bb2 a6 8. Nbd2 Rb8 9. e4 Bg4 10.
h3 Bd7 11. e5 Nd5 12. c4 Nb6 13.
Qe2 Qc8 14. Kh2 dxe5 15. dxe5 Rd8 16. Ne4 Bf5 17. Nc5 Nd7 18. Nxd7 Qxd7 19. Rfd1 Qe6 20. Ng5 Qc8 21. g4 Be6 22. f4 h6 23. Nxe6 Qxe6 24.
Bd5 Qc8 25. e6 f6 26. f5 Nb4 27. fxg6 Nxd5 28. cxd5 c6 29. Rac1 Qc7+ 30. Kh1 Qg3 31. Qg2 Qxg2+ 32. Kxg2 cxd5 33. Ba3 Rbc8 34. Rxc8 Rxc8 35.
Rxd5 f5 36. gxf5 Bf6 37. Rd7 Kf8 38. Rxb7 Rc2+ 39. Kf3 Rxa2 40. Rb8+ Kg7 41. Bc5 Rb2 42. b4 a5 43. Rb7 Kf8 44. Rb8+ Kg7 45. Rb7 Rb3+ 46. Ke4 Kf8 47. Rb8+ Kg7 48. Rb7 Rxh3 49. bxa5 Rh4+ 50. Kd5 Kf8 51. Rb8+ Kg7 52. Rb7 Kf8 53. a6 Rh1 54. a7 Rd1+ 55. Kc6 Ra1 56. Rb8+ Kg7 57.
a8=Q Rxa8 58. Rxa8 h5 59. Kd7 h4 60. Bg1 h3 61.
Bh2 Kh6 62. Ra3 Kg5 63. Rxh3 Kxf5 64. Rf3+ Kxg6 65. Rg3+ Kf5 66. Rf3+ Kg6 67. Re3 Kf5 68. Re2 Kg6 69. Bg1 Kf5 70. Bc5 Kg6 71. Bxe7 Bd4 72. Rg2+ Kf5 73. Bd6 Ke4 74. e7 Kf3 75.
Rd2 Be3 76. Rd3 Ke4 77. Rxe3+ Kxe3 78. e8=Q+ Kd4 79. Qe5+ Kc4 80. Qc5+ Kd3 81. Qb4 Ke2 82. Bb8 Kf3 83. Qf4+ Ke2 84. Qg3 Kd2 85. Kd6 Kc2 86. Kd5 Kb2 87. Kc4 Ka2 88. Qg2+ Ka1 89. Be5+ Kb1 90. Qb2# 1-0

[Event "Early-Titled-Tuesday-Blitz-May-28-2024"]
[Site "Chess.com"]
[Date "2024.05.28"]
[Round "9"]
[White "alexrustemov"]
[Black "shimastream"]
[Result "1/2-1/2"]
[WhiteElo "2836"]
[BlackElo "3025"]
[TimeControl "180+1"]
[EndTime "9:48:57 PDT"]
[Termination "Game drawn by repetition"]

1. d4 b6 2. Nf3 Bb7 3. g3 c5 4. Bg2 cxd4 5. Qxd4 Nf6 6. c4 g6 7. O-O Bg7 8. Nc3 O-O 9. Qh4 d6 10. Bh6 Nbd7 11. Rac1 Rc8 12. b3 Rc5 13. Bxg7 Kxg7 14.
Rfd1 Qa8 15. Qd4 Rfc8 16. Ne1 Ne5 17. Bxb7 Qxb7 18. Nd3 Nxd3 19. exd3 Kg8 20. Qe3 a6 21. a4 R5c7 22. Re1 Ng4 23. Qe4 Nf6 24. Qxb7 Rxb7 25. d4 e6 26. d5 e5 27. Kg2 Rbc7 28. h3 h5 29. Re3 Kf8 30. Rce1 Nd7 31. f4 f5 32. Kf3 e4+ 33. Ke2 Nc5 34. Rb1 h4 35.
g4 Nd3 36. Rf1 Kf7 37. g5 Rb7 38. Kd2 Nb4 39. Re2 Ke7 40. Ke3 b5 41. axb5 axb5 42.
Nxb5 Nxd5+ 43. Kd4 Nc7 44. Nxc7 Rcxc7 45. Rb1 Rb4 46. Reb2 Rcb7 47. Kc3 Ke6 48. Ra2 R4b6 49. b4 Rc7 50. Kd4 Rbc6 51. Rc2 Rb7 52. b5 Rc5 53. Rc3 Rb6 54. Ra1 Rb7 55. Ra6 Rbc7 56. Ra4 Kd7 57. Rb4 Ra7 58. Rcb3 Ra1 59. b6 Kc8 60. b7+ Kb8 61.
Rb6 Rd1+ 62. Ke3 Rxc4 63. Ke2 Rd5 64. Ra6 Rc2+ 65. Ke3 Rd3+ 66. Rxd3 exd3 67. Kxd3 Rh2 68. Rxd6 Rxh3+ 69. Kd4 Rh1 70. Rxg6 h3 71. Ke5 h2 72.
Rh6 Re1+ 73. Kxf5 h1=Q 74. Rxh1 Rxh1 75. g6 Kxb7 76. Kf6 Kc7 77. f5 Kd7 78. Kf7 Rg1 79. f6 Kd6 80. g7 Ke5 81. Ke7 Rg2 82. Kf7 Rg3 83. Ke7 Rg2 84. Kf7 Kf5 85. Ke7 Ke5 1/2-1/2

[Event "Early-Titled-Tuesday-Blitz-May-28-2024"]
[Site "Chess.com"]
[Date "2024.05.28"]
[Round "9"]
[White "SaraBlackPanther"]
[Black "NiranjanNavalgund"]
[Result "0-1"]
[WhiteElo "2753"]
[BlackElo "2510"]
[TimeControl "180+1"]
[EndTime "9:49:06 PDT"]
[Termination "NiranjanNavalgund won by resignation"]

1. d4 Nf6 2. c4 e6 3. Nc3 Bb4 4.
Nf3 O-O 5. Qb3 c5 6. dxc5 Na6 7.
a3 Bxc3+ 8. Qxc3 Nxc5 9. Be3 Nce4 10. Qd4 d5 11. cxd5 exd5 12. g3 b6 13. Bg2 Ba6 14.
Nd2 Rc8 15. Qa4 Bc4 16. Nxc4 Rxc4 17. Qb3 Nc5 18. Bxc5 bxc5 19. O-O Qb6 20. Qxb6 axb6 21. Rfc1 Rxc1+ 22. Rxc1 g6 23. Kf1 d4 24. Ke1 Rc8 25.
Kd2 Kf8 26. Bf3 Ke7 27. Kd3 Kd6 28. e3 dxe3 29. Kxe3 Re8+ 30. Kd3 b5 31. Kc2 c4 32. b3 Kc5 33. Kb2 Nd7 34. a4 Nb6 35. axb5 Kxb5 36. bxc4+ Nxc4+ 37. Kc3 Rc8 38. Rb1+ Kc5 39. Ra1 Nd6 40. Kd3 Rc7 41. Rc1+ Kb6 42. Rxc7 Kxc7 43. Kd4 Kd7 44. Ke5 Ke7 45. Kf4 f5 46. Kg5 Nf7+ 47.
Kf4 Kf6 48. Bd5 g5+ 49. Ke3 Nd6 50. Bb3 Ke5 51. f4+ gxf4+ 52. gxf4+ Kf6 53. Kd4 Ne4 54. Bd5 Nf2 55. Bf3 Kg6 56. Ke5 Nd3+ 57. Kd4 Nxf4 58. Ke3 Ne6 59. Kf2 Kg5 60. Bd5 Nc5 61.
Bc4 Kf4 62. Bg8 Ne4+ 63. Kg2 h5 64. Bd5 Ng5 65. Bc6 h4 66. Kf2 Ne4+ 67. Kg2 Kg5 68. Kf3 Nd2+ 69. Ke3 Nc4+ 70. Kf2 Kf4 71. Bb7 Ne5 72.
h3 Nd3+ 73. Kg2 Nc5 74. Bc6 Ke3 75. Ba8 f4 76. Bf3 Nd3 77. Bg4 f3+ 78. Kf1 Ne5 79.
Bc8 Nc4 80. Ba6 Nd2+ 81. Kg1 Ne4 82. Kf1 Kf4 83. Bb7 Nd2+ 84. Kf2 Ne4+ 85. Kf1 Ng5 86. Bc8 Kg3 87. Bb7 Nxh3 88. Bc8 Nf4 0-1

[Event "Early-Titled-Tuesday-Blitz-May-28-2024"]
[Site "Chess.com"]
[Date "2024.05.28"]
[Round "9"]
[White "bubeliang"]
[Black "Azeryahu"]
[Result "1/2-1/2"]
[WhiteElo "2799"]
[BlackElo "2928"]
[TimeControl "180+1"]
[EndTime "9:49:18 PDT"]
[Termination "Game drawn by repetition"]

1. e4 e5 2. Nf3 Nc6 3. Bc4 Nf6 4. d3 d5 5. exd5 Nxd5 6. O-O Nb6 7. Bb5 Bd6 8. Re1 f6 9. h3 O-O 10. Nc3 Bd7 11. Be3 a6 12. Bxb6 cxb6 13. Bc4+ Kh8 14. d4 exd4 15. Nxd4 Nxd4 16. Qxd4 Be5 17. Qh4 Bf5 18.
Rad1 Qc8 19. Bd3 Bxc3 20. bxc3 Bxd3 21. Rxd3 Re8 22. Red1 Re7 23. Qd4 b5 24. Qd6 Qe6 25.
Qxe6 Rxe6 26. Rd8+ Re8 27. R8d7 Rac8 28. Rxb7 Rxc3 29. Rdd7 Rg8 30. Rd6 Ra3 31. Ra7 a5 32. Rb6 b4 33. Rb5 Rxa2 34. Raxa5 Rxc2 35. Rxb4 Rcc8 36. Rb7 Rb8 37. Rc7 Rbc8 38. Rd7 Rcd8 39. Re7 Rde8 40. Rf7 Ref8 41. Rfa7 Rb8 42. Kh2 Rbc8 43. f3 h6 44. h4 Kh7 45. R5a6 Rgf8 46. Re7 Kh8 47. Raa7 Rg8 48. Kh3 Ra8 49. Rab7 Rab8 50.
Rbc7 Rbc8 51. Rcd7 Rcd8 52. Rb7 Rb8 53. Ra7 Ra8 54. Kg4 Rxa7 55. Rxa7 Kh7 56. g3 Rb8 57. h5 Rb5 58. f4 Rb1 59. Ra5 Rb7 60. Kf5 Re7 61. g4 Re8 62. Ra7 Re1 63. Rd7 Re8 64. Rd6 Re7 65. Re6 Ra7 66. Re4 Ra6 67. Rd4 Rb6 68. Ke4 Re6+ 69. Kd5 Re1 70. f5 Kg8 71. Kd6 Kf7 72. Kd7 Kf8 73. Kc8 Rc1+ 74. Kd8 Re1 75. Kd7 Re5 76. Kd6 Kf7 77. Ra4 Re1 78. Rd4 Re2 79. Kd5 Re5+ 80. Kc4 Re1 81. Kd3 Re5 82. Re4 Ra5 83. Ke3 Ra3+ 84. Kf4 Ra5 85. Re3 Ra4+ 86. Kf3 Rb4 87. Re4 Rb3+ 88.
Kg2 Ra3 89. Rf4 Rb3 90. Rf3 Rxf3 91. Kxf3 Ke7 92. Ke4 Kd6 93. Kd4 Kc6 94. Kc4 Kd6 95. Kd4 Kc6 96. Kc4 Kd6 97. Kd4 1/2-1/2

[Event "Early-Titled-Tuesday-Blitz-May-28-2024"]
[Site "Chess.com"]
[Date "2024.05.28"]
[Round "9"]
[White "DumbKing75"]
[Black "Kirill_Klukin"]
[Result "1/2-1/2"]
[WhiteElo "2697"]
[BlackElo "2876"]
[TimeControl "180+1"]
[EndTime "9:49:36 PDT"]
[Termination "Game drawn by stalemate"]

1. e4 c5 2. Nf3 g6 3. d4 cxd4 4. Qxd4 Nf6 5. Bb5 Nc6 6. Bxc6 bxc6 7. O-O Bg7 8. e5 Nd5 9. c4 Nc7 10. Qh4 h6 11. Nc3 Ne6 12. Re1 Qc7 13. b3 a5 14. Ba3 g5 15. Qe4 Bb7 16. Rad1 Nf4 17. Bc5 Ne6 18. Ba3 c5 19. Nd5 Qd8 20. Nf6+ exf6 21. Qxb7 Qc8 22. Rxd7 O-O 23. Bb2 f5 24. Red1 a4 25. Qd5 axb3 26. axb3 Rb8 27. Qd3 Qc6 28. Qxf5 Rxb3 29. Bc1 Rc3 30. h4 Rxc1 31. Rxc1 Qxd7 32. hxg5 Rd8 33. gxh6 Bxh6 34. Re1 Nd4 35. Nxd4 cxd4 36. e6 fxe6 37. Rxe6 Bg7 38. Qe4 d3 39. Re7 Qd6 40. c5 Qf6 41. Re8+ Rxe8 42. Qxe8+ Kh7 43. Qe4+ Qg6 44.
Qh4+ Bh6 45. Qe7+ Kg8 46. Qd8+ Bf8 47. c6 Qxc6 48. Qxd3 Qc1+ 49. Kh2 Qh6+ 50. Qh3 Bd6+ 51. g3 Qd2 52. Qg4+ Kf7 53. Qf5+ Ke7 54. Kg2 Qd4 55. Qh7+ Kd8 56. Qg8+ Kc7 57. Qg6 Bc5 58. Qf7+ Kd8 59. Qf3 Qe5 60. Qa8+ Ke7 61. Qb7+ Kf8 62. Qf3+ Kg7 63.
Qg4+ Kf7 64. Qf3+ Ke7 65. Qc6 Qd4 66. Qb7+ Ke8 67. Qf3 Be7 68. Qe2 Qf6 69. Qe4 Qd6 70.
Qa8+ Kf7 71. Qf3+ Qf6 72. Qb3+ Kg7 73. Qb7 Kf8 74. Qe4 Bd6 75. Qa8+ Kg7 76. Qa2 Be7 77.
Qe2 Qc6+ 78. Qf3 Qxf3+ 79. Kxf3 Kf6 80. Kg4 Bd6 81. f4 Bc7 82. Kf3 Kg6 83. g4 Bxf4 84. Kxf4 Kf6 85. Kf3 Kg5 86. Kg3 Kg6 87. Kh4 Kh6 88.
Kg3 Kg5 89. Kf3 Kg6 90. Kf4 Kf6 91. g5+ Kg6 92. Kg4 Kg7 93. Kf5 Kf7 94. g6+ Kg7 95.
Kg5 Kg8 96. Kg4 Kg7 97. Kf5 Kg8 98. Kg5 Kg7 99. Kh5 Kg8 100. Kh6 Kh8 101. Kg5 Kg7 102. Kf5 Kg8 103. Kf6 Kf8 104. g7+ Kg8 105. Kg6 1/2-1/2